 Dungeon Crawl Stone Soup version 0.30-a0-187-gd9c2deaf24 (webtiles) character file.

Game seed: 1394517746940561032

30 Pooter the Chopper (level 3, -1/33 HPs)
             Began as a Minotaur Monk on Oct 3, 2022.
             Killed from afar by Terence (10 damage)
             ... with a bolt of light
             ... on level 2 of the Dungeon.
             The game lasted 00:02:59 (783 turns).

Pooter the Chopper (Minotaur Monk)                   Turns: 783, Time: 00:02:59

Health: -1/33      AC:  2    Str: 17    XL:     3   Next: 3%
Magic:  2/2        EV: 13    Int:  7    God:
Gold:   38         SH:  0    Dex: 12    Spells: 2/2 levels left

rFire   . . .      SeeInvis .    a - +0 quarterstaff
rCold   . . .      Faith    .    (shield currently unavailable)
rNeg    . . .      Spirit   .    b - +0 robe
rPois   .          Reflect  .    (helmet restricted)
rElec   .          Harm     .    (no cloak)
rCorr   .          Rampage  .    (no gloves)
Will    .....                    (no boots)
Stlth   +.........               (no amulet)
HPRegen 0.25/turn                (no ring)
MPRegen 0.08/turn                (no ring)

@: confused, lethally poisoned (-1 -> -6)
A: horns 2, retaliatory headbutt
a: no special abilities


You were on level 2 of the Dungeon.
You visited 1 branch of the dungeon, and saw 2 of its levels.

You collected 38 gold pieces.

Inventory:

Hand Weapons
 a - a +0 quarterstaff (weapon)
   (You found it on level 1 of the Dungeon)
 e - a +0 hand axe
Missiles
 Q - 3 stones (quivered)
Armour
 b - a +0 robe (worn)
Scrolls
 d - a scroll of poison {unknown}
 f - a scroll of summoning {unknown}
 g - a scroll of identify {unknown}
Potions
 c - a potion of ambrosia


   Skills:
 + Level 3.9 Fighting
 * Level 4.2 Axes
 + Level 0.8 Staves
 + Level 3.5 Dodging
 + Level 1.9 Stealth


You had 2 spell levels left.
You didn't know any spells.
Your spell library was empty.

Dungeon Overview and Level Annotations

Branches:
Dungeon (2/15)

Altars:

Annotations:
D:2 Terence


Innate Abilities, Weirdness & Mutations

You have a pair of horns on your head.
You reflexively headbutt those who attack you in melee.


Message History

You furiously retaliate!
You headbutt the quokka. You closely miss the quokka.
Your headbutt misses the quokka. The quokka misses you. The quokka bites you.
You hit the quokka.
You kill the quokka!
You have reached level 3!
Your experience leads to an increase in your attributes!
Increase (s)trength, (i)ntelligence, or (d)exterity?
You feel stronger. x2
There is a faded altar of an unknown god here.
A kobold comes into view.
It is wielding a +0 short sword of flaming.
The kobold shouts!
The kobold throws a stone.
The stone barely misses you.
The kobold throws a stone.
The stone misses you.
The kobold throws a stone.
The stone barely misses you.
The kobold hits you with a +0 short sword of flaming.
The kobold burns you.
You hit the kobold.
You kill the kobold!
No target in view!
Q - 3 stones (quivered)
Things that are here:
a +0 short sword of flaming; a kobold corpse
Items here: a +0 short sword of flaming; a kobold corpse.
The floor.
Unknown command.
Unknown command.
Unknown command.
Things that are here:
a +0 short sword of flaming; a kobold corpse Done exploring.
You see here a +0 hand axe.
There is a stone staircase leading down here.
You climb downwards.
Found a ring mail.
Found an escape hatch in the ceiling.
There is a stone staircase leading up here.
Found a white potion.
Terence shouts!
Terence zaps a wand.
The bolt of light hits you!
Found a spear.
Terence hits you with a +2 short sword of venom!
* * * LOW HITPOINT WARNING * * *
You are poisoned.
You hit Terence but do no damage.
You feel very sick.
Terence zaps a wand.
The bolt of light hits you!
You are confused.
You die...

#...# #...#
#...# #
#...######.#
####.....[.!...
#.......<......
#..............
#......@@......
#..............
#..............
##<...........)
#####.........
########.# #


You could see Terence.

Vanquished Creatures
  2 dart slugs (D:1)
  A bat (D:1)
  2 endoplasms (D:1)
  6 goblins (D:1)
  2 hobgoblins (D:1)
  2 kobolds (D:1)
  A quokka (D:1)
  4 ball pythons (D:1)
  3 frilled lizards (D:1)
  A rat (D:1)
24 creatures vanquished.

Notes
Turn   | Place    | Note
-------+----------+-------------------------------------------
     0 | D:1      | Pooter the Minotaur Monk began the quest for the Orb.
     0 | D:1      | Reached XP level 1. HP: 19/19 MP: 0/0
    45 | D:1      | Found a faded altar of an unknown god.
   182 | D:1      | Reached XP level 2. HP: 27/27 MP: 1/1
   253 | D:1      | Reached skill level 4 in Axes
   519 | D:1      | Reached XP level 3. HP: 23/33 MP: 2/2
   777 | D:2      | Noticed Terence
   783 | D:2      | Killed from afar by Terence

Illustrated notes

Levels and vault maps discovered:
D:1:      elethiomel_arrival_shortcut, layout_loops_ring, serial_forest,
          infiniplex_forest_lined_corner, infiniplex_forest_clump_diagonal,
          infiniplex_forest_zigzag_1, infiniplex_forest_3_way,
          infiniplex_forest_lined_corner, infiniplex_forest_straight_3,
          infiniplex_forest_lined_room_2, basic_ecumenical_altar
D:2:      layout_basic, basic_altar, uniq_terence

Skill      XL: |  1  2 |
---------------+-------+-----
Axes           | 4 |  4.2
Fighting       | |  3.9
Staves         | |  0.8
Dodging        | |  3.5
Stealth        | |  1.9

Action                   || total
-------------------------++-------
Melee: Hand axe          ||    18
       Headbutt          ||     4
       Quarterstaff      ||    30
 Stab: Sleeping          ||     5
Armor: Robe              ||     2
Dodge: Dodged            ||    24

Table legend: (Time is in decaauts)
 A = Elapsed time spent in this place.
 B = Non-inter-level travel time spent in this place.
 C = Inter-level travel time spent in this place.
 D = Time resting spent in this place.
 E = Time spent auto-exploring this place.
 F = Levels seen in this place.
 G = Mean time per level.
                   A        B        C        D        E       F      G
               +--------+--------+--------+--------+--------+-----+--------+
         Total |    792 |    770 |     22 |      0 |    604 |   2 |  396.0 |
       Dungeon |    792 |    770 |     22 |      0 |    604 |   2 |  396.0 |
               +--------+--------+--------+--------+--------+-----+--------+

Top non-repeatable levels by time:
     D:1: 786 daAuts
     D:2: 5 daAuts
